 Dungeon Crawl Stone Soup version 0.17.1-3-g152610e (webtiles) character file.

317 Charly the Cleaver (level 6, -3/50 HPs)
             Began as a Hill Orc Gladiator on Apr 26, 2016.
             Shot with an arrow by a centaur (9 damage)
             ... on level 5 of the Dungeon.
             The game lasted 00:09:09 (712 turns).

Charly the Cleaver (Hill Orc Gladiator)              Turns: 712, Time: 00:09:09

Health: -3/50      AC:  9    Str: 18    XL:     6   Next: 44%
Magic:  0/6        EV:  7    Int:  8    God:
Gold:   17         SH:  0    Dex: 13    Spells: 0 memorised, 5 levels left

rFire  . . .     SeeInvis .     a - +1 hand axe (flame)
rCold  . . .     Clarity  .     o - +0 chain mail
rNeg   . . .     SustAt   .     (no shield)
rPois  .         Gourm    .     c - +0 helmet
rElec  .         Spirit   +     (no cloak)
rCorr  .         Warding  .     (no gloves)
rMut   .         Stasis   .     (no boots)
MR     .....                    p - amulet of guardian spirit
Stlth  ..........               (no ring)
                                k - ring of wizardry

@: not resistant to hostile enchantments, extremely unstealthy
A: no striking features
a: no special abilities


You were on level 5 of the Dungeon.
You were not hungry.

You visited 1 branch of the dungeon, and saw 6 of its levels.

You collected 17 gold pieces.

Inventory:

Hand Weapons
 a - a +1 hand axe of flaming (weapon)
 b - a +0 war axe
Armour
 c - a +0 helmet (worn)
 o - a +0 chain mail (worn)
Jewellery
 k - a ring of wizardry (left hand)
 p - an amulet of guardian spirit (around neck)
Wands
 h - a wand of draining (0)
Potions
 f - a potion of degeneration {unknown}
 g - 2 potions of brilliance
 i - a potion of heal wounds {unknown}
 m - 2 potions of berserk rage {unknown}
 n - a potion of haste {unknown}
Books
 d - a book of Dreams

   Spells                             Type                      Level
   a - Ensorcelled Hibernation        Hexes/Ice                    2
   b - Phase Shift                    Translocation                5
   c - Shadow Creatures               Summoning                    5
   d - Silence                        Hexes/Air                    5
   e - Darkness                       Hexes                        6
   f - Mass Confusion                 Hexes                        6
Comestibles
 e - 4 bread rations


   Skills:
 + Level 2.4 Fighting
 * Level 9.2 Axes
 - Level 1.7 Throwing
 - Level 2.4 Dodging


You had 5 spell levels left.
You didn't know any spells.

Dungeon Overview and Level Annotations

Branches:
Dungeon (6/15)
 Temple: D:4-7

Altars:
Yredelemnul
Zin

Annotations:
D:3 Grinder


Message History

A centaur comes into view.
The centaur shouts!
The centaur wields a shortbow.
The centaur shoots an arrow.
The arrow hits you but does no damage.
There is an open door here.
You see here an arrow.
Drop what? 15/52 slots (_ for help) (? for menu, Esc to quit)
You drop 2 scrolls of noise.
Drop what? 14/52 slots (_ for help) (? for menu, Esc to quit)
Okay, then.
Evoke which item? (* to show all) (? for menu, Esc to quit)
Zapping:
h - a wand of draining {zapped: 11} (will waste charges)
Press: ? - help, Shift-Dir - straight line, f - centaur
Aim: a centaur, wielding a shortbow Nothing appears to happen.
The centaur shoots an arrow.
The arrow hits you!
* * * LOW HITPOINT WARNING * * *
The centaur shoots an arrow.
The arrow hits you!
* * * LOW HITPOINT WARNING * * *
The centaur shoots an arrow.
The arrow hits you!
You die...

#...#................#....(..#...
+...#.........(......#.......#...
#...#.............. #...†...#...
##'##.............. #.......#...
................... #..##...####
..............########..###+##
.....####.....#...............
.....# .....#(.[............
.....# .....##@#########...#
.....# ..........# ##...## .....#
.......c..# #.....# .##+##
......>...# #.....# .+
..........# #.....# .#
..........# #..<..# .#
..........+ #.....# ..........#
####### #....#


You could see a centaur.

Vanquished Creatures
  An ogre (D:4)
  A centaur (D:5)
  2 giant frog skeletons (D:5)
  An iguana (D:5)
  A worker ant (D:5)
  4 adders
  An adder skeleton (D:5)
  3 orcs (D:4)
  2 jackals (D:5)
  A quokka (D:5)
  A giant gecko zombie (D:3)
  A kobold (D:3)
19 creatures vanquished.

Notes
Turn   | Place    | Note
--------------------------------------------------------------
     0 | D:1      | Charly the Hill Orc Gladiator began the quest for the Orb.
     0 | D:1      | Reached XP level 1. HP: 18/18 MP: 1/1
    80 | D:3      | Reached XP level 2. HP: 25/25 MP: 2/2
   102 | D:4      | Reached skill level 5 in Axes
   112 | D:5      | Entered Level 5 of the Dungeon
   150 | D:3      | Noticed an orc wizard
   156 | D:4      | Reached XP level 3. HP: 18/30 MP: 3/3
   261 | D:4      | Reached skill level 6 in Axes
   270 | D:4      | Noticed an ogre
   276 | D:4      | Killed an ogre
   276 | D:4      | Reached skill level 7 in Axes
   276 | D:4      | Reached XP level 4. HP: 37/37 MP: 4/4
   276 | D:4      | Reached XP level 5. HP: 42/42 MP: 5/5
   312 | D:3      | Found a glowing silver altar of Zin.
   312 | D:3      | Found a basalt altar of Yredelemnul.
   312 | D:3      | Noticed Grinder
   313 | D:3      | Paralysed by Grinder for 4 turns
   523 | D:5      | Noticed a centaur
   531 | D:5      | Killed a centaur
   531 | D:5      | Reached skill level 8 in Axes
   531 | D:5      | Reached XP level 6. HP: 15/50 MP: 2/6
   537 | D:5      | Reached skill level 9 in Axes
   689 | D:5      | 9/7
   706 | D:5      | Noticed a centaur
   712 | D:5      | Shot with an arrow by a centaur

Action                   |  1- 3 |  4- 6 || total
-------------------------+-------+-------++-------
Melee: War axe           |    14 |       ||    14
       Hand axe          |    11 |    42 ||    53
Throw: Throwing net      |     7 |     2 ||     9
Evoke: Wand              |     3 |     1 ||     4
  Use: Scroll            |     2 |     2 ||     4
 Stab: Held in net/web   |     1 |     1 ||     2
  Eat: Beef jerky        |       |     1 ||     1
